 Dungeon Crawl Stone Soup version 0.29-a0-902-g0f71de6fce (webtiles) character file.

Game seed: 17515409256672259119

52 jt the Magician (level 3, -6/26 HPs)
             Began as a Palentonga Hedge Wizard on July 24, 2022.
             Was a Follower of Elyvilon.
             Mangled by a gnoll
             ... wielding a +0 halberd
              (9 damage)
             ... on level 2 of the Dungeon.
             The game lasted 00:03:47 (1627 turns).

jt the Magician (Palentonga Hedge Wizard)           Turns: 1627, Time: 00:03:47

Health: -6/26      AC: 14    Str: 15    XL:     3   Next: 60%
Magic:  7/7        EV: 11    Int: 14    God:    Elyvilon [*.....]
Gold:   43         SH:  0    Dex:  9    Spells: 7/8 levels left

rFire   + . .      SeeInvis +   s - +0 spear
rCold   + . .      Faith    +   (no shield)
rNeg    . . .      Spirit   .   b - +0 robe
rPois   .          Reflect  .   c - +0 hat
rElec   .          Harm     .   n - scarf {rC+ rF+}
rCorr   .          Rampage  .   (no gloves)
Will    .....                   t - +2 barding
Stlth   +.........              m - amulet of faith
HPRegen 0.08/turn               i - +4 ring of protection
MPRegen 0.10/turn               w - +4 ring of evasion

@: no status effects
A: large, rugged brown scales 3, see invisible, deformed body, roll 1, armoured
tail
a: Rolling Charge, Renounce Religion, Purification


You were on level 2 of the Dungeon.
You worshipped Elyvilon.
Elyvilon was aware of your devotion.
You visited 1 branch of the dungeon, and saw 2 of its levels.

You collected 43 gold pieces.

Inventory:

Hand Weapons
 a - a +0 dagger
 l - a +0 mace
 o - a +0 flail
 s - a +0 spear (weapon)
Missiles
 r - 18 stones
Armour
 b - a +0 robe (worn)
 c - a +0 hat (worn)
 n - a scarf of resistance (worn)
 t - a +2 barding (worn)
Magical Staves
 j - a staff of air
Jewellery
 i - a +4 ring of protection (left hand)
 m - an amulet of faith (around neck)
 w - a +4 ring of evasion (right hand)
Wands
 h - a wand of light (8)
Scrolls
 e - 2 scrolls of magic mapping {unknown}
 f - 2 scrolls of immolation {unknown}
 u - a scroll of amnesia {unknown}
 v - a scroll of identify {unknown}
 x - a scroll of fear {unknown}
 y - a scroll of enchant weapon {unknown}
Potions
 d - a potion of magic
 k - a potion of degeneration {unknown}
 p - a potion of ambrosia {unknown}
 q - a potion of brilliance {unknown}


   Skills:
 + Level 0.5 Fighting
 - Level 1.0 Armour
 - Level 1.5 Dodging
 - Level 1.2 Stealth
 + Level 3.4 Spellcasting
 + Level 1.7 Conjurations
 - Level 0.7 Summonings
 + Level 1.8 Translocations


You had 7 spell levels left.
You knew the following spells:

 Your Spells              Type           Power      Damage    Failure   Level
a - Magic Dart            Conj           28%        1d4       11%         1

Your spell library contained the following spells:

 Spells                   Type           Power      Damage    Failure   Level
 Blink                    Tloc           14%        N/A       14%         2
 Summon Small Mammal      Summ           16%        N/A       16%         1
 Slow                     Hex            8%         N/A       21%         1
 Call Imp                 Summ           4%         N/A       24%         2
 Conjure Flame            Conj/Fire      4%         6-21      41%         3
 Call Canine Familiar     Summ           4%         N/A       43%         3
 Mephitic Cloud           Conj/Pois/Air  3%         N/A       45%         3
 Summon Guardian Golem    Hex/Summ       3%         N/A       47%         3


Dungeon Overview and Level Annotations

Branches:
Dungeon (2/15)

Altars:
Elyvilon
Vehumet


Innate Abilities, Weirdness & Mutations

You are completely covered in rugged brown scales. (AC +3, +7% HP)
You have supernaturally acute eyesight. (SInv)
Armour fits poorly on your strangely shaped body.
You can roll at nearby foes to attack.
You have a long armoured tail.


Message History

The gnoll closely misses you.
You see here a hobgoblin skeleton.
You reach to attack!
You closely miss the gnoll. The gnoll barely misses you.
You reach to attack!
You barely miss the gnoll. The gnoll barely misses you.
You reach to attack!
You barely miss the gnoll. The gnoll hits you but does no damage.
You reach to attack!
You hit the gnoll.
The gnoll is lightly wounded.
The gnoll closely misses you.
You reach to attack!
You hit the gnoll.
The gnoll is moderately wounded.
The gnoll hits you but does no damage.
You reach to attack!
You barely miss the gnoll.
The gnoll is moderately wounded.
The gnoll closely misses you.
You reach to attack!
You hit the gnoll.
The gnoll is severely wounded.
The gnoll hits you but does no damage.
You reach to attack!
You hit the gnoll.
The gnoll is almost dead.
The gnoll misses you.
You reach to attack!
You hit the gnoll.
You kill the gnoll!
The gnoll hits you but does no damage.
You reach to attack!
You hit the gnoll.
The gnoll is lightly wounded.
The gnoll closely misses you.
You reach to attack!
You hit the gnoll.
The gnoll is heavily wounded.
The gnoll hits you from afar with a +0 halberd.
You reach to attack!
You hit the gnoll.
The gnoll is severely wounded.
The gnoll hits you from afar with a +0 halberd.
You reach to attack!
You closely miss the gnoll.
The gnoll is severely wounded.
The gnoll hits you from afar with a +0 halberd!
* * * LOW HITPOINT WARNING * * *
There is a stone staircase leading up here.
The gnoll hits you from afar with a +0 halberd!
You die...

#...#..## ##...##..# #..
##.....##.### #.# #.......#...#
#.# ##.......##..####### #.#
#.≈≈....≈.#........######.#
#.≈≈≈≈.≈≈.####..........#.#
#≈≈≈≈≈≈≈≈≈###...#######†#.# ##
###≈≈≈≈≈≈≈###g.@..######.#># #.
#.#≈≈≈≈≈≈≈#.r..............# #.
#.##≈≈≈≈≈##.#.....######.######.
#.# #######)##...#..............
#.#########r###.##.#####........
#..................#####.#####.#
###...###g##..............#####.#
.......##.########.#########....#
÷.......g.# .# #.#...


You could see a gnoll and a rat.

Vanquished Creatures
  A gnoll (D:2)
  An adder (D:2)
  A worm (D:2)
  A dart slug (D:2)
  2 ball pythons
  5 endoplasms
  A giant cockroach (D:1)
  2 hobgoblins (D:2)
  2 kobolds (D:1)
  5 bats
  2 frilled lizards (D:1)
  2 goblins
  2 rats (D:1)
27 creatures vanquished.

Vanquished Creatures (others)
  A fungus (D:2)
1 creature vanquished.

Grand Total: 28 creatures vanquished

Notes
Turn   | Place    | Note
-------+----------+-------------------------------------------
     0 | D:1      | jt the Palentonga Hedge Wizard began the quest for the Orb.
     0 | D:1      | Reached XP level 1. HP: 13/13 MP: 4/4
    99 | D:1      | Reached skill level 1 in Conjurations
   492 | D:1      | Found a faded altar of an unknown god.
   498 | D:1      | Reached XP level 2. HP: 20/20 MP: 6/6
   565 | D:1      | Prayed at the altar of an unknown god.
   565 | D:1      | Became a worshipper of Elyvilon the Healer
   565 | D:1      | Reached * piety under Elyvilon
  1290 | D:2      | Reached XP level 3. HP: 10/25 MP: 4/7
  1520 | D:2      | Found a radiant altar of Vehumet.
  1577 | D:2      | Reached skill level 1 in Armour
  1627 | D:2      | Mangled by a gnoll

Illustrated notes

Levels and vault maps discovered:
D:1:      minmay_arrival_radiant_lines, layout_loops_cross,
          hellmonk_ecumenical_altar_arch_garden
D:2:      layout_loops_ring, basic_altar, nicolae_underground_beach,
          uniq_crazy_yiuf_cottage

Skill      XL: |  1  2  3 |
---------------+----------+-----
Conjurations   | 1 |  1.7
Armour         | 1 |  1.0
Fighting       | |  0.5
Dodging        | |  1.5
Stealth        | |  1.2
Spellcasting   | |  3.4
Summonings     | |  0.7
Translocations | |  1.8

Action                   || total
-------------------------++-------
Melee: Dagger            ||    24
       Tailslap          ||     9
       Mace              ||    14
       Spear             ||    48
 Cast: Magic Dart        ||    26
 Abil: Rolling Charge    ||     5
  Use: Potion            ||     2
Armor: Ring mail         ||    34
       Robe              ||     9
Dodge: Dodged            ||    34

Table legend: (Time is in decaauts)
 A = Elapsed time spent in this place.
 B = Non-inter-level travel time spent in this place.
 C = Inter-level travel time spent in this place.
 D = Time resting spent in this place.
 E = Time spent auto-exploring this place.
 F = Levels seen in this place.
 G = Mean time per level.
                   A        B        C        D        E       F      G
               +--------+--------+--------+--------+--------+-----+--------+
         Total |   1636 |   1569 |     67 |    402 |    691 |   2 |  818.0 |
       Dungeon |   1636 |   1569 |     67 |    402 |    691 |   2 |  818.0 |
               +--------+--------+--------+--------+--------+-----+--------+

Top non-repeatable levels by time:
     D:1: 1009 daAuts
     D:2: 627 daAuts
